 Dungeon Crawl Stone Soup version 0.31-a0-1074-g0b22e4e0f1 (webtiles) character file.

Game seed: 10991636815951843319

275 Pooter the Chopper (level 6, -7/55 HPs)
             Began as a Minotaur Berserker on Dec 7, 2023.
             Was a Believer of Trog.
             Mangled by a gnoll
             ... wielding a +0 halberd
              (11 damage)
             ... on level 4 of the Dungeon.
             The game lasted 00:11:01 (2765 turns).

Pooter the Chopper (Minotaur Berserker)             Turns: 2765, Time: 00:11:02

Health: -7/55      AC: 10    Str: 25    XL:     6   Next: 3%
Magic:  5/5        EV: 11    Int:  4    God:    Trog [**....]
Gold:   181        SH:  0    Dex: 14    Spells: 5/5 levels left

rFire   . . .        a - +0 morningstar
rCold   . . .        (no shield)
rNeg    . . .        n - +5 ring mail "Jumoirgh" {Str+2 Dex+4}
rPois   .            (helmet restricted)
rElec   .            (no cloak)
rCorr   .            (no gloves)
SInv    .            (no boots)
Will    ++...        (no amulet)
Stlth   ++           (no ring)
HPRegen 1.29/turn    (no ring)
MPRegen 0.09/turn

%: no passive effects
@: strong-willed, on berserk cooldown, regenerating
A: horns 2, retaliatory headbutt
a: Renounce Religion, Berserk, Trog's Hand


You were on level 4 of the Dungeon.
You worshipped Trog.
Trog was pleased with you.
You visited 1 branch of the dungeon, and saw 4 of its levels.

You collected 181 gold pieces.

Inventory:

Hand Weapons
 a - a +0 morningstar (weapon)
   (You found it on level 3 of the Dungeon)
 b - a +0 sling
   (You found it on level 1 of the Dungeon)
 m - a +0 hand axe
Missiles
 l - 4 javelins (quivered)
 p - 4 curare-tipped darts
 Q - 33 stones
Armour
 n - the +5 ring mail "Jumoirgh" (worn) {Str+2 Dex+4}
   (You found it on level 3 of the Dungeon)

   Str+2:     It affects your strength (+2).
   Dex+4:     It affects your dexterity (+4).
Wands
 i - a wand of polymorph (12)
   (You took it off Natasha on level 1 of the Dungeon)
Scrolls
 f - a scroll of enchant weapon {unknown}
 k - a scroll of blinking {unknown}
 o - a scroll of enchant armour {unknown}
Potions
 c - a potion of ambrosia
 d - a potion of curing {unknown}
 e - a potion of heal wounds {@q2}
 g - a potion of attraction {unknown}
 h - a potion of mutation {unknown}


   Skills:
 + Level 4.8 Fighting
 * Level 5.9 Axes
 - Level 2.4 Armour
 - Level 2.1 Dodging
 * Level 3.2 Stealth


You had 5 spell levels left.
You didn't know any spells.
Your spell library was empty.

Dungeon Overview and Level Annotations

Branches:
Dungeon (4/15) Zot: 21153
 Temple: D:4-7

Altars:
Cheibriados
Elyvilon
Trog
Zin

Shops:
D:1 (


Innate Abilities, Weirdness & Mutations

You have a pair of horns on your head.
You reflexively headbutt those who attack you in melee.


Message History

You feel strong-willed.
You feel the effects of Trog's Hand fading.
Your skin stops crawling.
You feel less strong-willed.
You hear the slow rusting of a very distant drain.
As you read the scroll of teleportation {@r4}, it crumbles to dust.
You feel strangely unstable.
Your surroundings suddenly seem different. 3 gnolls and an iguana come into view.
The iguana hisses angrily.
The gnoll shouts! x2
Your skin crawls.
You feel strong-willed.
The gnoll shouts!
You're still recovering from your berserk rage.
A gnoll comes into view. It is wielding a +0 halberd.
The gnoll closely misses you. The iguana bites you. The iguana misses you.
The gnoll barely misses you.
The gnoll hits you from afar with a +0 spear.
The gnoll hits you from afar with a +0 halberd!
The gnoll barely misses you. The gnoll closely misses you.
You furiously retaliate!
You headbutt the gnoll, but do no damage.
The iguana attacks as it pursues you! The iguana barely misses you.
The gnoll hits you but does no damage.
You barely miss the gnoll. The gnoll barely misses you. x2
The gnoll closely misses you. The gnoll hits you but does no damage.
The iguana bites you. The gnoll misses you.
The gnoll hits you from afar with a +0 halberd!
The gnoll hits you from afar with a +0 spear.
* * * LOW HITPOINT WARNING * * *
The gnoll hits you but does no damage. The iguana bites you!
* * * LOW HITPOINT WARNING * * *
The gnoll hits you with a +0 halberd.
* * * LOW HITPOINT WARNING * * *
The gnoll hits you but does no damage. The gnoll barely misses you.
The gnoll hits you with a +0 whip.
* * * LOW HITPOINT WARNING * * *
The gnoll hits you with a +0 halberd.
* * * LOW HITPOINT WARNING * * *
The gnoll hits you but does no damage. x2
The gnoll hits you with a +0 halberd.
* * * LOW HITPOINT WARNING * * *
The gnoll hits you but does no damage. The gnoll hits you with a +0 halberd.
* * * LOW HITPOINT WARNING * * *
The gnoll hits you with a +0 spear.
* * * LOW HITPOINT WARNING * * *
You closely miss the gnoll.
You feel yourself speed up. The gnoll closely misses you.
The gnoll hits you but does no damage. The gnoll hits you with a +0 halberd!
You die...

# #
###### #
###....#
+
.....^+
# #g...#
# #.@g.#
# #gg..#
# #.l..#
# #....#
######


You could see an iguana and 4 gnolls.

Vanquished Creatures
  A scorpion (D:4)
  A howler monkey (D:4)
  An orc wizard (D:3)
  Natasha (thrice) (D:2 D:1)
  An adder (D:2)
  4 dart slugs
  2 orcs (D:3)
  6 ball pythons
  A bat (D:3)
  3 endoplasms
  3 giant cockroaches
  A goblin (D:2)
  4 hobgoblins
  8 jackals (D:1)
  6 quokkas
  6 kobolds
  7 rats
58 creatures vanquished.

Notes
Turn   | Place    | Note
-------+----------+-------------------------------------------
     0 | D:1      | Pooter the Minotaur Berserker began the quest for the Orb.
     0 | D:1      | Reached XP level 1. HP: 19/19 MP: 0/0
    77 | D:1      | Reached XP level 2. HP: 17/27 MP: 1/1
    79 | D:1      | Reached skill level 4 in Axes
   274 | D:1      | Reached skill level 1 in Stealth
   554 | D:1      | Reached XP level 3. HP: 31/33 MP: 2/2
   658 | D:1      | Found Jaule's Weapon Shoppe.
   786 | D:1      | Reached ** piety under Trog
  1519 | D:2      | Noticed Natasha
  1526 | D:2      | Killed Natasha
  1527 | D:2      | Reached XP level 4. HP: 40/40 MP: 3/3
  1763 | D:2      | Noticed Natasha
  1770 | D:2      | Killed Natasha
  1771 | D:2      | Reached skill level 5 in Axes
  1984 | D:2      | Noticed Natasha
  1999 | D:1      | Killed Natasha
  2139 | D:3      | Reached XP level 5. HP: 41/47 MP: 4/4
  2328 | D:3      | Identified the +5 ring mail "Jumoirgh" {Str+2 Dex+4}
  2385 | D:3      | Found a white marble altar of Elyvilon.
  2392 | D:3      | Found a snail-covered altar of Cheibriados.
  2396 | D:3      | Found a bloodstained altar of Trog.
  2479 | D:3      | Found a glowing silver altar of Zin.
  2514 | D:3      | Found a faded altar of an unknown god.
  2734 | D:4      | Reached XP level 6. HP: 37/55 MP: 5/5
  2764 | D:4      | HP: 1/55 [gnoll/+0 spear (3)]
  2765 | D:4      | Mangled by a gnoll

Illustrated notes

Levels and vault maps discovered:
D:1:      spicycebolla_arrival_transporter_tutorial, layout_basic, serial_shops,
          nicolae_square_shop
D:2:      layout_basic, uniq_natasha
D:3:      minmay_general_purpose_star, layout_basic, minitemple,
          zin_scriptorium, hellmonk_ecumenical_altar_heavens_door, serial_glass,
          glass_columns_b, glass_columns_a
D:4:      layout_basic, old_standard_altar, gup_sewer_entry_bubbles

Skill      XL: |  1  2  3  4  5 |
---------------+----------------+-----
Axes           | 4 5 |  5.9
Stealth        | 1 2 3 |  3.2
Fighting       | 4 |  4.8
Armour         | |  2.4
Dodging        | |  2.1

Action                     |  1- 3 |  4- 6 || total
---------------------------+-------+-------++-------
  Melee: Hand axe          |    48 |    19 ||    67
         Headbutt          |     8 |     4 ||    12
         Unarmed           |       |     7 ||     7
         Morningstar       |       |     9 ||     9
         Punch             |       |     1 ||     1
   Fire: Sling             |    38 |    30 ||    68
 Invoke: Berserk           |     3 |     2 ||     5
         Trog's Hand       |       |     3 ||     3
    Use: Scroll            |     4 |     2 ||     6
 Armour: Animal skin       |    26 |       ||    26
         Ring mail         |    11 |    31 ||    42
         Scale mail        |       |    17 ||    17
         Skin              |       |     2 ||     2
  Dodge: Dodged            |    38 |    41 ||    79

Table legend: (Time is in decaauts)
 A = Elapsed time spent in this place.
 B = Non-inter-level travel time spent in this place.
 C = Inter-level travel time spent in this place.
 D = Time resting spent in this place.
 E = Time spent auto-exploring this place.
 F = Levels seen in this place.
 G = Mean time per level.
                   A        B        C        D        E       F      G
               +--------+--------+--------+--------+--------+-----+--------+
         Total |   2844 |   2797 |     47 |    344 |   1927 |   4 |  711.0 |
       Dungeon |   2844 |   2797 |     47 |    344 |   1927 |   4 |  711.0 |
               +--------+--------+--------+--------+--------+-----+--------+

Top non-repeatable levels by time:
     D:2: 1102 daAuts
     D:1: 1089 daAuts
     D:3: 589 daAuts
     D:4: 64 daAuts
